 Dungeon Crawl Stone Soup version 0.31-a0-232-gb1c03b2570 (webtiles) character file.

Game seed: 3709129231155162845

38 GordonOverkill the Trooper (level 3, -1/33 HPs)
             Began as an Armataur Monk on July 7, 2023.
             Was a Priest of Elyvilon.
             Slain by a +2 spectral club (8 damage)
             ... created by Jessica
             ... on level 2 of the Dungeon.
             The game lasted 00:03:39 (1028 turns).

GordonOverkill the Trooper (Armataur Monk)          Turns: 1028, Time: 00:03:40

Health: -1/33      AC:  6    Str: 18    XL:     3   Next: 25%
Magic:  3/3        EV: 10    Int: 10    God:    Elyvilon [***...]
Gold:   108        SH:  0    Dex: 12    Spells: 2/2 levels left

rFire   . . .        a - +0 mace
rCold   . . .        d - orb {light}
rNeg    . . .        b - +0 robe
rPois   .            g - +0 helmet
rElec   .            (no cloak)
rCorr   .            i - +0 pair of gloves
SInv    .            (no barding)
Will    .....        (no amulet)
Stlth   +            e - ring of flight
HPRegen 0.25/turn    (no ring)
MPRegen 0.08/turn

%: roll
@: flying, glowing
A: large, rugged brown scales 3, deformed body, armoured tail, roll, long
tongue, awkward tongue
a: Renounce Religion, Purification, Heal Other, Heal Self


You were on level 2 of the Dungeon.
You worshipped Elyvilon.
Elyvilon was most pleased with you.
You visited 1 branch of the dungeon, and saw 2 of its levels.

You collected 108 gold pieces.

Inventory:

Hand Weapons
 a - a +0 mace (weapon)
Armour
 b - a +0 robe (worn)
 d - an orb of light (worn)
 g - a +0 helmet (worn)
 i - a +0 pair of gloves (worn)
Jewellery
 e - a ring of flight (left hand)
 j - a +6 ring of intelligence
Scrolls
 f - 4 scrolls of identify {unknown}
 h - a scroll of teleportation {unknown}
Potions
 k - a potion of brilliance {unknown}


   Skills:
 + Level 3.1 Fighting
 + Level 3.1 Maces & Flails
 + Level 2.5 Dodging
 + Level 0.7 Invocations


You had 2 spell levels left.
You didn't know any spells.
Your spell library was empty.

Dungeon Overview and Level Annotations

Branches:
Dungeon (2/15)

Altars:
Elyvilon

Annotations:
D:2 Jessica


Innate Abilities, Weirdness & Mutations

You are completely covered in rugged brown scales. (AC +3, +7% HP)
Armour fits poorly on your strangely shaped body.
You have a long armoured tail.
You roll when moving toward enemies. (Rampage)
Your long tongue fully drains potion bottles. (2x potion effects)
Your tongue gives you trouble enunciating. (1.5x scroll delay)


Message History

A +2 spectral club comes into view.
You are too injured to fight recklessly!
You are too injured to fight recklessly!
You are too injured to fight recklessly!
You are confused.
You feel invigorated.
You slurp down every last drop of the potion of ambrosia!
The +2 spectral club hits you but does no damage.
The +2 spectral club completely misses you.
Jessica mumbles some strange words.
Jessica blinks!
The +2 spectral club hits you.
* * * LOW HITPOINT WARNING * * *
You hit the +2 spectral club but do no damage.
The +2 spectral club disappears.
Jessica casts a spell at you. Pain shoots through your body!
* * * LOW HITPOINT WARNING * * *
You bump into the rock wall.
You bump into the rock wall.
You feel less invigorated.
You feel less confused. Jessica barely misses you.
The +2 spectral club hits you. Jessica gestures at you while chanting.
Pain shoots through your body!
* * * LOW HITPOINT WARNING * * *
A +2 spectral club comes into view.
You barely miss Jessica.
The +2 spectral club disappears.
Jessica barely misses you. The +2 spectral club hits you.
* * * LOW HITPOINT WARNING * * *
Jessica hits you with a +2 spectral club.
* * * LOW HITPOINT WARNING * * *
The +2 spectral club hits you.
* * * LOW HITPOINT WARNING * * *
A +2 spectral club comes into view.
You hit the +2 spectral club.
The +2 spectral club is lightly damaged.
Jessica shouts, "I don't like beings like you!"
Jessica hits you with a +2 spectral club.
* * * LOW HITPOINT WARNING * * *
The +2 spectral club hits you!
You die...

#.# #.# #.#
#.# # #.#
.. #.# ####
..
#.####.....
..
#@#....####
..
#(@........
..
###....####
.. #....#
.. #....#
#####.. ...
... ##


You could see a +2 spectral club and Jessica (fast).

Vanquished Creatures
  An adder (D:2)
  A worm (D:2)
  A dart slug (D:1)
  2 bats
  4 giant cockroaches
  3 goblins (D:1)
  2 hobgoblins
  3 kobolds
  A quokka (D:2)
  4 ball pythons
  A frilled lizard (D:1)
23 creatures vanquished.

Notes
Turn   | Place    | Note
-------+----------+-------------------------------------------
     0 | D:1      | GordonOverkill the Armataur Monk began the quest for the
                  | Orb.
     0 | D:1      | Reached XP level 1. HP: 19/19 MP: 1/1
   167 | D:1      | Reached XP level 2. HP: 26/26 MP: 2/2
   221 | D:1      | Found a faded altar of an unknown god.
   638 | D:1      | Prayed at the altar of an unknown god.
   638 | D:1      | Became a worshipper of Elyvilon the Healer
   638 | D:1      | Reached * piety under Elyvilon
   638 | D:1      | Reached ** piety under Elyvilon
   704 | D:2      | Reached *** piety under Elyvilon
   869 | D:2      | Reached XP level 3. HP: 24/33 MP: 3/3
  1018 | D:2      | Noticed Jessica
  1028 | D:2      | Slain by a +2 spectral club

Illustrated notes

Levels and vault maps discovered:
D:1:      nzn_arrival_water_spiral, layout_loops_cross,
          ebering_ecumenical_altar_mist
D:2:      layout_basic, serial_park_tiny_2, minmay_pentomino_v4, uniq_jessica,
          uniq_robin

Skill      XL: |  1  2 |
---------------+-------+-----
Fighting       | 3 |  3.1
Maces & Flails | 3 |  3.1
Dodging        | |  2.5
Invocations    | |  0.7

Action                     || total
---------------------------++-------
  Melee: Mace              ||    52
         Tailslap          ||     3
    Use: Potion            ||     1
 Armour: Robe              ||    24
  Dodge: Dodged            ||    32

Table legend: (Time is in decaauts)
 A = Elapsed time spent in this place.
 B = Non-inter-level travel time spent in this place.
 C = Inter-level travel time spent in this place.
 D = Time resting spent in this place.
 E = Time spent auto-exploring this place.
 F = Levels seen in this place.
 G = Mean time per level.
                   A        B        C        D        E       F      G
               +--------+--------+--------+--------+--------+-----+--------+
         Total |   1039 |    939 |    100 |      0 |    753 |   2 |  519.5 |
       Dungeon |   1039 |    939 |    100 |      0 |    753 |   2 |  519.5 |
               +--------+--------+--------+--------+--------+-----+--------+

Top non-repeatable levels by time:
     D:1: 671 daAuts
     D:2: 368 daAuts
